 Dungeon Crawl Stone Soup version 0.32-a0-660-g97ce250973 (webtiles) character file.

Game seed: 12435303498787210437

323599 GeoRichter the Warrior (level 21, -17/182 HPs)
             Began as a Coglin Berserker on Mar 8, 2024.
             Was a High Priest of Trog.
             Demolished by a vault warden
             ... wielding a +0 bardiche
              (26 damage)
             ... on level 2 of the Vaults on Mar 9, 2024.
             The game lasted 01:30:50 (40798 turns).

GeoRichter the Warrior (Coglin Berserker)          Turns: 40798, Time: 01:30:51

Health: -17/182    AC: 31    Str: 29    XL:     21   Next: 58%
Magic:  7/7        EV: 15    Int:  7    God:    Trog [*****.]
Gold:   3416       SH:  0    Dex: 18    Spells: 20/20 levels left

rFire   + . .        S - +8 broad axe (antimagic) {Gota}
rCold   + + .        O - +4 broad axe (flame) {Gunther}
rNeg    . . .        V - +2 plate armour {rF+}
rPois   +            Y - +0 helmet of Govvoivaq {Fly rC+ Str+5}
rElec   .            L - scarf of Plog {repulsion, Regen+}
rCorr   .            v - +0 pair of gloves
SInv    .            U - +1 pair of boots of Resonant Happiness {Rampage rPois}
Will    ++++.        (amulet unavailable) Stlth
                     (ring unavailable)
HPRegen 2.30/turn    (ring unavailable)
MPRegen 0.10/turn    y - reticulated capacitor {RevParry, rC+ Will+}

%: repel missiles, rampage
@: lethally poisoned (-17 -> -17), strong-willed, frozen, flying, regenerating,
studying 2 skills, revved, very slow
A: off-hand wielding, slow wielding, warmup strikes, no jewellery
}: 2/15 runes: serpentine, barnacled
a: Renounce Religion, Berserk, Trog's Hand, Brothers in Arms


You were on level 2 of the Vaults.
You worshipped Trog.
Trog was extremely pleased with you.
You visited 7 branches of the dungeon, and saw 35 of its levels.
You visited the Abyss 1 time.
You also visited: Bailey, Gauntlet, Ice Cave and Volcano.

You collected 4495 gold pieces.
You spent 1079 gold pieces at shops.

Inventory:

Hand Weapons
 G - the +3 broad axe of Trog's Whim {flame, +Blink rC+}
   (Trog gifted it to you on level 3 of the Elven Halls)

   rC+:       It protects you from cold.
   +Blink:    It lets you blink.
 J - a +5 broad axe of protection {Margit}
   (Trog gifted it to you on level 4 of the Lair of Beasts)
 O - a +4 broad axe of flaming (offhand) {Gunther}
   (Trog gifted it to you on level 14 of the Dungeon)
 S - a +8 antimagic broad axe (weapon) {Gota}
   (Trog gifted it to you on level 2 of the Orcish Mines)
Missiles
 x - 10 throwing nets {!f}
 N - 9 javelins
 R - 7 silver javelins
Armour
 f - an orb of wrath
   (You found it on level 1 of the Vaults)
 p - a +0 cloak of willpower
   (You found it on level 3 of the Elven Halls)
 u - +0 swamp dragon scales
   (You took it off Maggie on level 1 of the Lair of Beasts)
 v - a +0 pair of gloves (worn)
   (You found it on level 3 of the Lair of Beasts)
 L - the scarf of Plog (worn) {repulsion, Regen+}
   (You found it on level 14 of the Dungeon)

   Regen+:    It increases your rate of health regeneration.
 U - the +1 pair of boots of Resonant Happiness (worn) {Rampage rPois}
   (You acquired it on level 15 of the Dungeon)

   rPois:     It protects you from poison.
   Rampage:   It bestows one free step when moving towards enemies.
 V - a +2 plate armour of fire resistance (worn)
   (You bought it in a shop on level 1 of the Snake Pit)
 W - a +0 cloak of preservation
   (You bought it in a shop on level 1 of the Snake Pit)
 Y - the +0 helmet of Govvoivaq (worn) {Fly rC+ Str+5}
   (You acquired it on level 1 of the Elven Halls)

   Str+5:     It affects your strength (+5).
   rC+:       It protects you from cold.
   Fly:       It grants you flight.
Gizmo
 y - a reticulated capacitor (installed) {RevParry, rC+ Will+}
   (You invented it yourself on level 5 of the Lair of Beasts)

   [reticulated capacitor]

   RevParry:  Your AC increases as you Rev (up to +5) and while fully Revved,
   your attacks may disarm enemies.
   rC+:       It protects you from cold.
   Will+:     It increases your willpower.
Wands
 a - a wand of charming (22)
   (You found it on level 6 of the Dungeon)
 t - a wand of flame (54) (quivered)
   (You took it off Joseph on level 7 of the Dungeon)
 B - a wand of iceblast (38)
   (You took it off Maurice on level 7 of the Dungeon)
 C - a wand of quicksilver (17)
   (You found it on level 8 of the Dungeon)
 K - a wand of polymorph (20)
   (You found it in a Gauntlet)
 P - a wand of digging (14)
   (You found it on level 5 of the Lair of Beasts)
 T - a wand of mindburst (13)
   (You found it on level 14 of the Dungeon)
Scrolls
 b - 2 scrolls of vulnerability {!r}
 d - 26 scrolls of teleportation {@r4}
 g - 3 scrolls of fog
 i - 7 scrolls of fear
 j - 6 scrolls of immolation {!r}
 k - 5 scrolls of noise {!r}
 m - 6 scrolls of poison
 n - 4 scrolls of blinking
 o - 3 scrolls of butterflies
 M - 2 scrolls of enchant armour
 X - a scroll of silence
Potions
 c - 4 potions of lignification {!q}
 e - 3 potions of enlightenment
 h - 3 potions of heal wounds {@q2}
 l - 3 potions of attraction {!q}
 q - 2 potions of berserk rage
 r - a potion of haste {@q3}
 s - 17 potions of curing {@q1}
 w - 2 potions of invisibility
 z - 4 potions of brilliance
 A - a potion of resistance
 D - 2 potions of mutation {!q}
 E - 4 potions of ambrosia
 H - a potion of cancellation
 I - 5 potions of might
 Q - 2 potions of magic


   Skills:
 + Level 19.9 Fighting
 - Level 18.0 Axes
 - Level 6.0 Throwing
 + Level 17.9 Armour
 + Level 13.3 Dodging
 + Level 18.5 Evocations


You had 20 spell levels left.
You didn't know any spells.
Your spell library was empty.

Dungeon Overview and Level Annotations

Branches:
Dungeon (15/15) Zot: 25380  Temple (0/1) D:7            Lair (5/5) D:9 Zot: 21544
 Shoals (4/4) Lair:2 Zot: 20817   Snake (4/4) Lair:2 Zot: 19921   Slime (0/5) Lair:5
    Orc (2/2) D:9 Zot: 10255     Elf (3/3) Orc:2 Zot: 14655  Vaults (1/5) D:14 Zot: 11293
  Crypt (0/3) Vaults:2     Depths (0/4) D:15         Bailey (visited)
  IceCv (visited)         Volcano (visited)         Gauntlet (visited)

Altars:
Ashenzari
Fedhas
Gozag
Kikubaaqudgha
Okawaru
Uskayaw
Wu Jian
Yredelemnul
The Shining One
Beogh
Jiyva

Shops:
D:10 *   D:14 [   Orc:1 (   Orc:2 !((:   Elf:2 =   Elf:3 :(   Shoals:1 =
Snake:1 ?[   Snake:2 ==:   Vaults:2 (

Portals:
Trove: D:11 (give +5 demon blade)

Annotations:
D:4 1 runed translucent door, Crazy Yiuf
D:5 Sigmund
D:7 3 runed translucent doors, flt's ghost, novice CoCK
D:10 1 runed translucent door, Kiciri's ghost, journeyman GnDe
D:11 2 transporters, hofbold's ghost, journeyman CoMo
Lair:5 2 runed translucent doors
Snake:2 2 transporters
Elf:1 3 runed translucent doors, Luqutot's ghost, adept MiFi
Elf:2 3 runed translucent doors


Innate Abilities, Weirdness & Mutations

You can wield a second weapon in your off-hand.
It takes a long time for you to wield or remove held weapons.
Your first few attacks do less damage.
You cannot equip rings or amulets.


Message History

The formless jellyfish constricts you.
You can move again.
Your troll goes berserk!
You feel very sick.
The vault warden hits you from afar with a +0 bardiche!!
* * * LOW HITPOINT WARNING * * *
The formless jellyfish stings you but does no damage.
The formless jellyfish constricts you!
* * * LOW HITPOINT WARNING * * *
You slash the formless jellyfish with your +8 antimagic broad axe!
The formless jellyfish's magic leaks into the air.
The formless jellyfish is severely wounded.
You open the formless jellyfish like a pillowcase with your +4 broad axe of flaming!!!
You burn the formless jellyfish.
You feel sick.
You slash the formless jellyfish with your +4 broad axe of flaming!
You burn the formless jellyfish.
You kill the formless jellyfish!
Trog accepts your kill.
A freezing mist starts to gather...
A formless jellyfish simulacrum comes into view.
You feel sick.
The ironbound frostheart calls freezing cold from the walls.
The frost grips you! You resist.
* * * LOW HITPOINT WARNING * * *
You are encased in ice.
The frost grips your troll!!
The vault warden hits you from afar with a +0 bardiche!
* * * LOW HITPOINT WARNING * * *
Your troll bites the vault warden.
Your troll claws the vault warden.
Your troll claws the vault warden but does no damage.
You feel much better.
The runic seal fades away.
You feel sick.
Your troll barely misses the vault warden.
Your troll claws the vault warden.
Your troll claws the vault warden!
The ironbound frostheart calls freezing cold from the walls.
The frost grips you but does no damage. You resist.
The frost grips your troll!!
Your troll dies!
Your troll's corpse disappears in a puff of smoke!
The vault warden activates a sealing rune.
Your skin crawls.
You feel strong-willed.
You feel sick.
The formless jellyfish simulacrum hits you!!
* * * LOW HITPOINT WARNING * * *
The formless jellyfish simulacrum freezes you.
You resist.
* * * LOW HITPOINT WARNING * * *
The formless jellyfish simulacrum barely misses you.
The vault warden hits you from afar with a +0 bardiche!!
You die...

......................
########'#############
#...........#
#.#...#...#.#
#...........#
#...#...#...# ##
#...........# ..##
#.#...>...#.#ZZ..##
#........Z@.pppZ..#
+...#...#..ยง##ZZ...
#...........# ....
+.#...#...#.# ...
..........# .#
########## #


You could see a vault warden (soul bound), an ironbound frostheart (soul bound),
a necromancer, a sphinx simulacrum, a yaktaur captain simulacrum, a hell knight
simulacrum, a necromancer simulacrum, a formless jellyfish simulacrum and a deep
elf high priest zombie.

Vanquished Creatures
  A dread lich (Abyss:3)
  An ancient lich (Abyss:3)
  Rupert (D:12)
  Asterion (Snake:1)
  2 sphinxes
  2 deep elf master archers (Elf:3)
  A deep elf blademaster (Elf:3)
  Polyphemus (Shoals:4)
  Kirke (Elf:1)
  A tengu reaver (D:15)
  10 nagarajas
  4 deep elf sorcerers
  2 vault wardens (Vaults:1)
  A deep elf elementalist (Elf:3)
  5 ironbound preservers
  2 formless jellyfish
  A vampire knight (Vaults:2)
  8 deep elf demonologists
  4 deep elf annihilators (Elf:3)
  Nessos (D:13)
  Azrael (Elf:2)
  3 deep elf death magi
  4 minotaurs
  8 dire elephants
  A yaktaur captain (Vaults:1)
  Snorg (Lair:3)
  A jiangshi (Vaults:2)
  Josephine (D:12)
  2 merfolk impalers
  3 deep elf high priests
  4 great orbs of eyes (Vaults:1)
  A rakshasa (D:13)
  7 hydras
  8 centaur warriors
  A ghost crab (Gauntlet)
  3 salamander tyrants
  4 ogre magi
  2 merfolk avatars
  3 catoblepae
  A death knight (D:15)
  3 anacondas
  3 ironbound frosthearts
  8 satyrs
  An alligator snapping turtle (Shoals:2)
  6 boulder beetles
  22 dancing weapons
  5 tengu warriors
  13 two-headed ogres
  10 death yaks
  An orc high priest (Orc:1)
  11 naga warriors
  A hell knight (D:15)
  A wretched star (Abyss:3)
  Sonja (D:12)
  11 deep elf knights
  6 shock serpents
  9 naga sharpshooters
  4 salamander mystics
  4 skysharks
  19 deep trolls
  12 mana vipers
  6 skeletal warriors
  10 sea snakes
  12 deep elf archers
  An arcanist (Vaults:1)
  7 naga ritualists
  8 lindwurms
  4 ironbound convokers
  12 thermic dynamos
  Pikel (D:4)
  A harpy (shapeshifter) (D:14)
  5 orc knights
  A phantasmal warrior (D:15)
  24 deep elf zephyrmancers
  2 wolf spiders (D:15)
  2 necromancers
  13 ugly things
  18 harpies
  21 deep elf pyromancers
  17 fauns
  A human zombie (Vaults:2)
  An orc sorcerer (Orc:1)
  A worldbinder (Abyss:3)
  13 manticores
  13 elephants
  5 cyclopes
  Maurice (D:7)
  5 kobold blastminers
  10 merfolk sirens
  9 vault sentinels
  11 salamanders
  An ice statue (IceCv)
  6 guardian serpents
  47 black mambas
  A smoke demon (Abyss:3)
  3 molten gargoyles (Lair:5)
  3 gargoyles
  15 naga magi
  An eye of devastation (shapeshifter) (Elf:3)
  13 cane toads
  8 water nymphs
  Joseph (D:7)
  4 torpor snails
  3 centaur skeletons (D:14)
  A hellion (Abyss:3)
  Maggie (Lair:1)
  A minotaur zombie (Gauntlet)
  4 yaktaurs
  An unseen horror (D:13)
  4 kobold demonologists
  4 rime drakes
  2 efreet (D:15)
  9 komodo dragons
  5 freezing wraiths
  An anaconda simulacrum (IceCv)
  12 ice devils
  13 starcursed masses
  2 tengu conjurers (D:15)
  An ancient zyme (Abyss:3)
  3 trolls
  2 polar bears (D:9)
  3 wind drakes
  24 merfolk
  4 snapping turtles
  A harpy skeleton (D:14)
  3 hornets
  10 blink frogs
  10 dream sheep
  14 slime creatures
  2 air elementals
  10 wyverns
  A vampire (D:12)
  10 water elementals
  7 wraiths
  68 yaks
  2 hogs (Elf:1)
  3 dire elephant simulacra (IceCv)
  2 steam dragons (Lair:5)
  9 basilisks
  4 fire bats (Volcano)
  6 wargs
  10 fire elementals
  8 death yak simulacra (IceCv)
  A chaos spawn (Abyss:3)
  4 vampire mosquitoes (D:13)
  3 harpy simulacra (IceCv)
  19 water moccasins
  30 nagas
  A hydra simulacrum (IceCv)
  5 hell hounds
  6 ice beasts
  42 orc warriors
  3 black bears
  4 laughing skulls
  12 ogres
  20 wolves
  17 centaurs
  3 lemures (D:4)
  A phantom (D:4)
  2 kobold brigands (D:12)
  10 bullfrogs
  4 earth elementals
  2 scorpions (D:6)
  9 gnoll sergeants
  2 two-headed ogre simulacra (IceCv)
  2 cane toad simulacra (IceCv)
  16 wights
  6 elephant simulacra (IceCv)
  6 killer bees (D:9)
  An electric eel (Lair:1)
  4 howler monkeys
  A bombardier beetle (D:5)
  9 lava snakes
  A jelly (D:4)
  15 orc priests
  8 hounds
  7 gnoll boudas
  An iguana (D:5)
  A sleepcap (D:5)
  3 polar bear simulacra (IceCv)
  23 orc wizards
  A troll simulacrum (IceCv)
  A wolf simulacrum (IceCv)
  40 gnolls
  A naga simulacrum (IceCv)
  10 adders
  A shadow imp (D:8)
  2 white imps (IceCv)
  2 ufetubi (D:6)
  4 ribbon worms
  7 dart slugs
  56 orcs
  5 endoplasms
  3 giant cockroaches
  12 goblins
  3 hobgoblins
  7 jackals
  3 quokkas
  14 ball pythons
  7 bats
  2 frilled lizards
  10 kobolds
  3 rats
  A spectral weapon (Snake:1)
1377 creatures vanquished.

Vanquished Creatures (collateral kills)
  A deep elf blademaster (Elf:3)
  Ilsuiw (Shoals:3)
  A nagaraja (Snake:4)
  2 deep elf elementalists (Elf:3)
  2 deep elf demonologists (Elf:3)
  2 deep elf death magi (Elf:3)
  2 deep elf annihilators (Elf:3)
  A red draconian (Volcano)
  2 merfolk impalers
  A salamander tyrant (Snake:4)
  4 two-headed ogres (Volcano)
  A satyr (Shoals:4)
  An orc high priest (Elf:3)
  A skyshark (Shoals:2)
  An orc knight (Orc:2)
  A faun (Shoals:4)
  3 merfolk sirens
  A kobold blastminer (Orc:2)
  A guardian serpent (Snake:1)
  2 merfolk
  A naga (Snake:1)
  5 orc warriors (Orc:2)
  A centaur (Orc:2)
  3 orcs (Elf:3)
41 creatures vanquished.

Vanquished Creatures (others)
  A shock serpent (Snake:4)
  A deep elf pyromancer (D:14)
  A human (Elf:1)
  2 nagas (Snake:1)
  12 spectral weapons
17 creatures vanquished.

Grand Total: 1435 creatures vanquished

Notes
Turn   | Place    | Note
-------+----------+-------------------------------------------
     0 | D:1      | GeoRichter the Coglin Berserker began the quest for the
                  | Orb.
     0 | D:1      | Reached XP level 1. HP: 18/18 MP: 1/1
   182 | D:1      | Reached XP level 2. HP: 17/24 MP: 2/2
   588 | D:1      | Reached XP level 3. HP: 25/29 MP: 3/3
  1289 | D:2      | Reached ** piety under Trog
  1362 | D:2      | Reached XP level 4. HP: 29/35 MP: 4/4
  1472 | D:2      | Reached skill level 5 in Axes
  2074 | D:3      | Reached XP level 5. HP: 27/41 MP: 5/5
  2271 | D:3      | Found an opulent altar of Gozag.
  2708 | D:4      | Found a basalt altar of Yredelemnul.
  2919 | D:4      | Noticed a lemure
  2919 | D:4      | Noticed a lemure
  2919 | D:4      | Noticed a lemure
  2920 | D:4      | Noticed a lemure
  2920 | D:4      | Noticed Pikel
  2929 | D:4      | Killed a lemure
  2942 | D:4      | Killed a lemure
  2948 | D:4      | Killed a lemure
  2958 | D:4      | Killed Pikel
  2959 | D:4      | Reached XP level 6. HP: 29/47 MP: 6/6
  2959 | D:4      | Reached XP level 7. HP: 33/52 MP: 7/7
  3289 | D:4      | Reached *** piety under Trog
  3366 | D:4      | Reached XP level 8. HP: 56/58 MP: 8/8
  3401 | D:4      | Found a runed translucent door.
  3402 | D:4      | Noticed Crazy Yiuf
  3785 | D:5      | Entered Level 5 of the Dungeon
  3804 | D:5      | Noticed a two-headed ogre
  3846 | D:5      | Noticed Sigmund
  3905 | D:5      | Noticed a hornet
  3915 | D:5      | Killed a hornet
  3916 | D:5      | Reached skill level 4 in Fighting
  3928 | D:5      | Reached skill level 10 in Axes
  4181 | D:5      | Reached skill level 5 in Fighting
  4182 | D:5      | Killed a two-headed ogre
  4183 | D:5      | Reached XP level 9. HP: 25/69 MP: 9/9
  4323 | D:5      | Reached skill level 6 in Fighting
  5018 | D:6      | Reached **** piety under Trog
  5108 | D:6      | Found a blossoming altar of Fedhas.
  5110 | D:6      | Found a broken altar of Ashenzari.
  5757 | D:6      | Found a hide-covered altar of Uskayaw.
  5759 | D:6      | Found an ancient bone altar of Kikubaaqudgha.
  5830 | D:7      | Found a staircase to the Ecumenical Temple.
  5835 | D:7      | Noticed Joseph
  5848 | D:7      | Killed Joseph
  5849 | D:7      | Reached skill level 7 in Fighting
  5849 | D:7      | Reached XP level 10. HP: 69/79 MP: 10/10
  5857 | D:7      | Found a runed translucent gate.
  5858 | D:7      | Found a runed translucent gate.
  5859 | D:7      | Found a runed translucent gate.
  5860 | D:7      | Noticed flt's ghost (novice CoCK)
  6257 | D:7      | Found a flagged portal.
  6270 | Bailey   | Entered a bailey
  6981 | Bailey   | Reached skill level 1 in Evocations
  7280 | Bailey   | Reached skill level 8 in Fighting
  7926 | D:7      | Noticed Maurice
  7939 | D:7      | Something stole a +2 kite shield
  7942 | D:7      | Something stole 6 throwing nets {!f}
  7949 | D:7      | Killed Maurice
  8760 | D:8      | Found an ornate altar of the Wu Jian Council.
  8897 | D:8      | Reached XP level 11. HP: 86/87 MP: 11/11
  8988 | D:8      | Reached ***** piety under Trog
  9102 | D:8      | Reached skill level 5 in Evocations
  9570 | D:9      | Reached skill level 9 in Fighting
  9795 | D:9      | Found a staircase to the Lair.
 10209 | D:9      | Found a staircase to the Orcish Mines.
 10560 | D:10     | Entered Level 10 of the Dungeon
 10610 | D:10     | Found Auill's Alliterative Armaments.
 10776 | D:10     | Noticed a two-headed ogre
 10785 | D:10     | Killed a two-headed ogre
 10785 | D:10     | Received a gift from Trog
 10786 | D:10     | Reached skill level 15 in Axes
 10966 | D:10     | Found a glowing golden altar of the Shining One.
 11191 | D:10     | Found a runed translucent door.
 11195 | D:10     | Noticed Kiciri's ghost (journeyman GnDe)
 11195 | D:10     | Identified the +7 trident "Ejerch" {flame, rCorr Int+3}
 11438 | D:11     | Found a portal to a secret trove of treasure.
 11503 | D:11     | Noticed a red ugly thing
 11517 | D:11     | Killed a red ugly thing
 11703 | Lair:1   | Entered Level 1 of the Lair of Beasts
 11721 | Lair:1   | Reached XP level 12. HP: 83/97 MP: 12/12
 11835 | Lair:1   | Noticed Maggie
 11847 | Lair:1   | Killed Maggie
 11848 | Lair:1   | Reached skill level 10 in Fighting
 11909 | Lair:1   | Found a dark tunnel.
 12004 | Volcano  | Entered a volcano
 12230 | Volcano  | Noticed a two-headed ogre
 12230 | Volcano  | Noticed a two-headed ogre
 12240 | Volcano  | Killed a two-headed ogre
 12244 | Volcano  | Killed a two-headed ogre
 12247 | Volcano  | Noticed a red draconian
 12247 | Volcano  | Noticed a two-headed ogre
 12247 | Volcano  | Noticed a two-headed ogre
 12255 | Volcano  | HP: 4/97 [red draconian/searing blast (26)]
 12259 | Volcano  | Killed a red draconian
 12263 | Volcano  | Killed a two-headed ogre
 12265 | Volcano  | Killed a two-headed ogre
 12266 | Volcano  | Reached skill level 5 in Armour
 12272 | Volcano  | Noticed a two-headed ogre
 12273 | Volcano  | Killed a two-headed ogre
 12362 | Volcano  | Noticed an ogre mage
 12365 | Volcano  | Killed an ogre mage
 12455 | Volcano  | Found a bloodstained altar of Trog.
 12480 | Volcano  | Found a radiant altar of Vehumet.
 12942 | Lair:1   | Reached skill level 11 in Fighting
 12948 | Lair:1   | Reached XP level 13. HP: 39/106 MP: 13/13
 14038 | Lair:2   | Found an iron altar of Okawaru.
 14578 | Lair:2   | Found a staircase to the Shoals.
 15110 | Lair:2   | Found a staircase to the Snake Pit.
 16099 | Lair:3   | Reached skill level 12 in Fighting
 16419 | Lair:3   | Noticed Snorg
 16437 | Lair:3   | Killed Snorg
 16837 | Lair:4   | You fall into a shaft and drop 1 floor!
 16837 | Lair:5   | Entered Level 5 of the Lair of Beasts
 16883 | Lair:5   | Reached XP level 14. HP: 84/115 MP: 14/14
 16911 | Lair:5   | Acquired a reticulated capacitor {RevParry, rC+ Will+}
 16927 | Lair:5   | Found a gate leading to a gauntlet.
 16947 | Gauntlet | Entered a Gauntlet
 16947 | Gauntlet | Found a transporter.
 17140 | Gauntlet | Found a transporter.
 17141 | Gauntlet | Found a transporter.
 17152 | Gauntlet | Found the +8 arc blade {discharge, rElec}
 17154 | Gauntlet | Found a transporter.
 17155 | Gauntlet | Found a transporter.
 17163 | Gauntlet | Found a runed translucent door.
 17166 | Gauntlet | Found a transporter.
 17183 | Gauntlet | Found a transporter.
 17191 | Gauntlet | Found a transporter.
 17202 | Gauntlet | Found a transporter.
 17220 | Gauntlet | Found a transporter.
 17231 | Gauntlet | Found a transporter.
 17231 | Gauntlet | Found a transporter.
 17274 | Gauntlet | Found a transporter.
 17288 | Gauntlet | Found a transporter.
 18030 | Lair:5   | Reached skill level 5 in Dodging
 18285 | Lair:5   | Found a staircase to the Slime Pits.
 18286 | Lair:5   | Found a viscous altar of Jiyva.
 18773 | Lair:4   | Received a gift from Trog
 18870 | Lair:4   | Reached ****** piety under Trog
 19556 | Lair:5   | Reached skill level 13 in Fighting
 19684 | Lair:5   | Noticed a dire elephant
 19684 | Lair:5   | Noticed a dire elephant
 19696 | Lair:5   | Killed a dire elephant
 19700 | Lair:5   | Killed a dire elephant
 19871 | Lair:5   | Reached XP level 15. HP: 70/124 MP: 15/15
 20235 | Lair:5   | Reached skill level 10 in Evocations
 20658 | Lair:5   | Found a large runed translucent door.
 20706 | Lair:5   | Found a large runed translucent door.
 21222 | Orc:1    | Entered Level 1 of the Orcish Mines
 21316 | Orc:1    | Found a frozen archway.
 21327 | Orc:1    | Received a gift from Trog
 21335 | IceCv    | Entered an ice cave
 21557 | IceCv    | Found an ancient bone altar of Kikubaaqudgha.
 22417 | Orc:2    | Entered Level 2 of the Orcish Mines
 22428 | Orc:2    | Received a gift from Trog
 22472 | Orc:2    | Found a staircase to the Elven Halls.
 22485 | Orc:2    | HP: 6/187 [orc knight/+0 arbalest (13)]
 22487 | Orc:2    | Reached skill level 10 in Armour
 22489 | Orc:2    | HP: 1/187 [orc knight/+0 broad axe (9)]
 22714 | Orc:2    | Found a roughly hewn altar of Beogh.
 23190 | Orc:2    | Found Vuantica's Weapon Shop.
 23190 | Orc:2    | Found Hiumee Fame's Antique Weapon Emporium.
 23192 | Orc:2    | Found Peitta's Distillery.
 23194 | Orc:2    | Found Baroaj's Book Boutique.
 23201 | Orc:2    | Bought a potion of curing for 36 gold pieces
 23201 | Orc:2    | Bought a potion of curing for 36 gold pieces
 23201 | Orc:2    | Bought a potion of might for 48 gold pieces
 23201 | Orc:2    | Bought a potion of mutation for 96 gold pieces
 23425 | Orc:1    | Found Ovith's Antique Weapon Shoppe.
 23543 | Orc:1    | Found a roughly hewn altar of Beogh.
 23778 | D:11     | Found a transporter.
 23782 | D:11     | Found a transporter.
 23782 | D:11     | Noticed hofbold's ghost (journeyman CoMo)
 24264 | D:12     | Noticed Josephine
 24272 | D:12     | Killed Josephine
 24387 | D:12     | Reached skill level 14 in Fighting
 24749 | D:12     | Noticed Rupert
 24759 | D:12     | Killed Rupert
 24760 | D:12     | Reached XP level 16. HP: 98/133 MP: 16/16
 24839 | D:12     | Received a gift from Trog
 24842 | D:12     | Noticed Sonja
 24849 | D:12     | Killed Sonja
 25823 | D:13     | Noticed Nessos
 25829 | D:13     | Killed Nessos
 26028 | D:14     | Identified the +1 shortbow of Classification {speed,
                  | ^Fragile rElec Str+9}
 26469 | D:14     | Found Boin's Armour Shoppe.
 26498 | D:14     | Identified the scarf of Plog {repulsion, Regen+}
 26630 | D:14     | Received a gift from Trog
 27082 | D:14     | Found a gate to the Vaults.
 27213 | D:15     | Entered Level 15 of the Dungeon
 27528 | D:15     | Noticed a tengu reaver
 27540 | D:15     | Killed a tengu reaver
 27550 | D:15     | Reached skill level 15 in Fighting
 27554 | D:15     | Reached skill level 10 in Dodging
 27663 | D:15     | Identified the staff of Defiance {rElec rC+ rN+ Ice}
 27664 | D:15     | Identified the +8 great sword of Midnight {freeze, *Rage
                  | rPois rCorr Int+2}
 27668 | D:15     | Identified a scroll of acquirement
 27669 | D:15     | Acquired the +1 pair of boots of Resonant Happiness
                  | {Rampage rPois}
 27769 | D:15     | Found a staircase to the Depths.
 27773 | D:15     | Reached XP level 17. HP: 141/142 MP: 17/17
 28719 | Snake:1  | Entered Level 1 of the Snake Pit
 28851 | Snake:1  | Received a gift from Trog
 28949 | Snake:1  | Noticed Asterion
 28961 | Snake:1  | Killed Asterion
 29287 | Snake:1  | HP: 6/142 [naga warrior/+0 flail (31)]
 29451 | Snake:1  | Found Gizemat's Armour Shoppe.
 29490 | Snake:1  | Found Cunelid's Magic Scroll Shoppe.
 29511 | Snake:1  | Bought a +2 plate armour of fire resistance for 600 gold
                  | pieces
 29511 | Snake:1  | Bought a +0 cloak of preservation for 172 gold pieces
 29528 | Snake:1  | Bought a scroll of fog for 52 gold pieces
 29528 | Snake:1  | Bought a scroll of teleportation for 39 gold pieces
 29863 | Snake:2  | Found a transporter.
 29880 | Snake:2  | Found Lenwum's Book Emporium.
 29881 | Snake:2  | Found Odavyug's Jewellery Shop.
 29881 | Snake:2  | Found Xibauq's Jewellery Shop.
 30048 | Snake:2  | Found a transporter.
 30138 | Snake:2  | You fall into a shaft and drop 1 floor!
 30557 | Snake:3  | Received a gift from Trog
 30890 | Snake:3  | Reached skill level 16 in Fighting
 31074 | Snake:4  | Entered Level 4 of the Snake Pit
 31123 | Snake:4  | Reached XP level 18. HP: 122/151 MP: 6/18
 31940 | Snake:4  | Received a gift from Trog
 32247 | Snake:4  | Reached skill level 1 in Throwing
 32345 | Snake:4  | Reached skill level 15 in Evocations
 32548 | Snake:4  | Received a gift from Trog
 32640 | Snake:4  | Got a serpentine rune of Zot
 32995 | Shoals:1 | Entered Level 1 of the Shoals
 33408 | Shoals:1 | Found Mocs's Jewellery Shoppe.
 33565 | Shoals:1 | Reached skill level 15 in Armour
 33841 | Shoals:2 | Reached skill level 17 in Fighting
 34321 | Shoals:2 | Reached XP level 19. HP: 128/161 MP: 6/19
 34363 | Shoals:2 | Received a gift from Trog
 34551 | Shoals:2 | Upgraded the game from 0.32-a0-646-g91cf321817 to
                  | 0.32-a0-660-g97ce250973
 34703 | Shoals:3 | Noticed Ilsuiw
 34710 | Shoals:3 | Killed Ilsuiw
 34713 | Shoals:3 | Reached skill level 5 in Throwing
 35241 | Shoals:4 | Entered Level 4 of the Shoals
 35579 | Shoals:4 | Received a gift from Trog
 35727 | Shoals:4 | Got a barnacled rune of Zot
 35960 | Shoals:4 | Noticed Polyphemus
 35982 | Shoals:4 | Killed Polyphemus
 36271 | Elf:1    | Entered Level 1 of the Elven Halls
 36273 | Elf:1    | Noticed Kirke
 36283 | Elf:1    | Killed Kirke
 36284 | Elf:1    | Reached skill level 18 in Fighting
 36643 | Elf:1    | Received a gift from Trog
 36821 | Elf:1    | Acquired the +0 helmet of Govvoivaq {Fly rC+ Str+5}
 36894 | Elf:1    | Found a runed translucent gate.
 36894 | Elf:1    | Found a runed translucent gate.
 36895 | Elf:1    | Found a runed translucent gate.
 36897 | Elf:1    | Noticed Luqutot's ghost (adept MiFi)
 37399 | Elf:2    | Reached XP level 20. HP: 167/172 MP: 6/20
 37412 | Elf:2    | Noticed Azrael
 37433 | Elf:2    | Killed Azrael
 37449 | Elf:2    | Received a gift from Trog
 37489 | Elf:2    | Found Enoytuoq's Jewellery Emporium.
 37542 | Elf:2    | Paralysed by an air elemental for 1 turns
 38026 | Elf:2    | Identified the ring "Rauw" {rC+ rN+ Int+3}
 38094 | Elf:2    | Found a runed translucent gate.
 38096 | Elf:2    | Found a runed translucent gate.
 38105 | Elf:2    | Found a runed translucent gate.
 38137 | Elf:3    | Entered Level 3 of the Elven Halls
 38294 | Elf:3    | Received a gift from Trog
 38418 | Elf:3    | Found Siohadoku's Firing Range.
 38561 | Elf:3    | Found Icvez's Book Shoppe.
 38614 | Elf:3    | Reached skill level 19 in Fighting
 38744 | Elf:3    | Received a gift from Trog
 38767 | Elf:3    | Noticed a Tzitzimitl
 38860 | Abyss:3  | Cast into level 3 of the Abyss (a deep elf demonologist)
 38926 | Abyss:3  | Paralysed by accursed screaming for 1 turns
 38943 | Abyss:3  | Noticed a dread lich
 38961 | Abyss:3  | Killed a dread lich
 38974 | Abyss:3  | Noticed an ancient lich
 38992 | Abyss:3  | Killed an ancient lich
 38996 | Elf:3    | Escaped the Abyss
 39365 | Elf:3    | Identified the +9 shortbow of the Undead {drain, rPois rC-
                  | rCorr Int-4}
 39367 | Elf:3    | Identified the +6 great sword of Mandamus {chaos, Int+5}
 39367 | Elf:3    | Identified the amulet of Suspicion {Faith rElec Will+ rCorr
                  | Dex+2}
 39368 | Elf:3    | Identified the +5 quarterstaff of the Vendetta {vamp, rF-
                  | Str+5 Dex+4}
 39395 | Elf:3    | Identified the +3 broad axe of Trog's Whim {flame, +Blink
                  | rC+} (Trog gifted it to you on level 3 of the Elven Halls)
 39395 | Elf:3    | Received a gift from Trog
 39396 | Elf:3    | Reached XP level 21. HP: 89/181 MP: 7/21
 39515 | Elf:3    | Identified the +11 mace "Muittu" {drain, rElec rF+ Dex+2
                  | SInv}
 39622 | Elf:3    | Identified the staff "Aghulint" {rElec Int+2 Stlth+ Air}
 39624 | Elf:3    | Identified the staff "Utedea" {rElec Int+4 Dex+3 Air}
 40038 | Vaults:1 | Entered Level 1 of the Vaults
 40239 | Vaults:1 | Identified the amulet of Haricasu {Faith Int+2}
 40367 | Vaults:1 | Paralysed by a formless jellyfish for 1 turns
 40394 | Vaults:1 | Received a gift from Trog
 40626 | Vaults:1 | You are sucked into a shaft and drop 1 floor!
 40626 | Vaults:2 | Found Zeutur's Antique Weapon Emporium.
 40760 | Vaults:2 | Found a staircase to the Crypt.
 40792 | Vaults:2 | Paralysed by a formless jellyfish for 1 turns
 40798 | Vaults:2 | HP: 9/182 [formless jellyfish simulacrum[a necromancer]
                  | (6)]
 40798 | Vaults:2 | Demolished by a vault warden

Illustrated notes

Levels and vault maps discovered:
D:1:      tarquinn_simple_flora_water_e, layout_loops_corners,
          serial_bayou_pond_d
D:2:      layout_basic, minmay_pentomino_z2
D:3:      layout_loops_ring, nicolae_gozag_cash_rules_everything_around_me,
          minivault_4, minmay_misc_feat_five
D:4:      layout_loops_ring, overflow_temple_1_default, minmay_bisected,
          uniq_crazy_yiuf_cottage, uniq_pikel
D:5:      layout_cave_pools, serial_glass, glass_columns_c, glass_columns_c,
          portal_sewer_entry_e, uniq_sigmund
D:6:      layout_loops_ring, mainiacjoe_overflow_alcove_3
D:7:      layout_basic, minmay_temple_entry_wispy, serial_corexii_hall,
          chequers_hall_statues_y, corexii_hall_statues_s,
          chequers_hall_statues_y, gammafunk_ghost_necromancy, enter_bailey_7,
          uniq_joseph, uniq_maurice
D:8:      layout_rooms, mainiacjoe_overflow_catwalk, kennysheep_donut
D:9:      layout_rooms, hellmonk_lair_entry_icy, david_orc_1_choice
D:10:     layout_roguey, mainiacjoe_overflow_surrounded_room,
          ebering_ghost_funeral_grove, monkooky_shop_alliterative
D:11:     layout_cave_pools, enter_trove_0, gammafunk_ghost_hive
D:12:     layout_roguey, uniq_sonja, uniq_josephine, uniq_gastronok, uniq_rupert
D:13:     layout_basic, nooodl_orcs_dogs, uniq_nessos
D:14:     layout_basic, hangedman_vaults_entry_quadrant_bands, serial_glass,
          glass_columns_a, glass_columns_a, serial_shops, shop,
          minmay_misc_feat_pillars, kennysheep_generic_room_10
D:15:     hangedman_depths_entry_try_elsewhere_first, layout_stronghold,
          dispersion_dpeg
Lair:1:   dreamdust_cave_troll, layout_regular_city,
          nicolae_volcano_entry_s_turn, grunt_megastairs_4,
          serial_bayou_shore_a, serial_bayou_shore_b, uniq_maggie
Lair:2:   layout_concentric_octagons, mainiacjoe_shoals_entry_four_pools,
          guppyfry_snake_entry_garden, basic_altar, lemuel_fruit_tree
Lair:3:   layout_cave_pods, grunt_forest_large_clearings, grunt_megastairs_1,
          uniq_snorg
Lair:4:   layout_loops_ring
Lair:5:   cheibrodos_lair_end_hotspot, layout_regular_city, slime_entry_1,
          gauntlet_entry_generic, minmay_shattered_shrine
Shoals:1: layout_shoals, serial_shops, shop
Shoals:2: layout_shoals
Shoals:3: layout_shoals, uniq_ilsuiw
Shoals:4: shoals_end_hellmonk_lost_city, uniq_polyphemus
Snake:1:  layout_rooms, grunt_megastairs_5, minmay_shop_star, uniq_asterion
Snake:2:  gammafunk_the_bubble [the_bubble_gammafunk_split], layout_rooms,
          minmay_shop_grove
Snake:3:  layout_rooms, serial_library_hellmonk_small_alcove
Snake:4:  snake_hunt, layout_chambers, grunt_megastairs_3
Orc:1:    layout_caves, portal_ice_cave_demonic_guard, serial_shops, shop,
          bh_open_orc_temple
Orc:2:    st_orc_rangers, layout_caves, basic_altar
Elf:1:    layout_loops_corners, ebering_ghost_rock_garden,
          kennysheep_underground_church, uniq_kirke
Elf:2:    nicolae_elf_blades_crystal_corner, layout_gridlike, serial_shops,
          nicolae_shop_gaudy_bauble, item_on_display_a, uniq_azrael
Elf:3:    grunt_elf_hall_branching, layout_gridlike, serial_shops, shop_statue,
          nicolae_shop_firing_range
Vaults:1: nicolae_vaults_what_the_h, v_rooms_1,
          nicolae_vaults_surprise_closet_hard,
          nicolae_vaults_storage_room_glass, grunt_vaults_swirl,
          vaults_mumra_chevron_long, nicolae_vaults_spaceships,
          nicolae_vaults_tetromino_T_1, vaults_dpeg_doors,
          nicolae_vaults_trapezoid_lopsided_2, nicolae_vaults_trapezoid_1,
          nicolae_vaults_tangram_1, nicolae_vaults_heart-shaped_vault,
          layout_vaults_omnibox, serial_shops, nicolae_shop_trees
Vaults:2: minmay_crypt_entry_simple_sparse, nicolae_vaults_twisting_passages,
          door_vault, nicolae_vaults_more_shelving_1, vaults_room_pool,
          nicolae_vaults_three_branches, vaults_room_fours,
          vaults_dpeg_encased_lava, nicolae_vaults_heart-shaped_vault,
          nicolae_vaults_trapezoid_3, nicolae_vaults_surprise_closet,
          nicolae_vaults_ring_of_whatevers, layout_vaults_omnicross,
          serial_shops, nicolae_shop_trees, nicolae_shop_trees,
          nicolae_shop_tiny_statue_garden, nicolae_shop_bloodbath_and_beyond,
          shop

Skill      XL: |  1  2  3  4  5  6  7  8  9 10 11 12 13 14 15 16 17 18 19 20 21 |
---------------+----------------------------------------------------------------+-----
Axes           | 4 5 8 9 11 12 14 15 16 18 | 18.0
Fighting       | 5 7 8 9 11 12 13 14 15 16 17 18 19 | 19.9
Evocations     | 4 6 9 13 14 15 16 17 18 | 18.5
Armour         | 3 6 7 9 10 12 14 15 16 17 | 17.9
Dodging        | 3 7 8 10 11 12 13 | 13.3
Throwing       | 4 6 |  6.0

Action                     |  1- 3 |  4- 6 |  7- 9 | 10-12 | 13-15 | 16-18 | 19-21 || total
---------------------------+-------+-------+-------+-------+-------+-------+-------++-------
  Melee: Hand axe          |    92 |   119 |   193 |   990 |   290 |       |       ||  1684
         Dagger            |    85 |   108 |    83 |       |       |       |       ||   276
         Broad axe         |       |       |       |   125 |   986 |  1638 |  1573 ||  4322
         Morningstar       |       |       |       |       |    77 |       |       ||    77
  Throw: Dart              |       |       |     2 |     3 |     4 |       |       ||     9
         Throwing net      |       |       |       |     1 |       |     1 |       ||     2
 Invoke: Berserk           |       |     1 |     5 |     8 |     2 |     4 |       ||    20
         Trog's Hand       |       |       |     2 |       |     2 |       |     4 ||     8
         Brothers in Arms  |       |       |       |     3 |     1 |     3 |     7 ||    14
Ability: Invent Gizmo      |       |       |       |       |     1 |       |       ||     1
  Evoke: Wand              |       |       |       |    13 |     1 |     4 |     8 ||    26
    Use: Scroll            |       |       |     7 |    13 |     9 |    15 |     5 ||    49
         Potion            |       |       |       |     1 |     3 |     3 |     1 ||     8
   Stab: Sleeping          |     1 |     1 |       |       |       |       |       ||     2
         Distracted        |     1 |       |       |       |    11 |    15 |     1 ||    28
         Held in net/web   |       |       |       |     5 |       |     1 |       ||     6
         Invisible         |       |       |       |       |    11 |       |       ||    11
         Petrified         |       |       |       |       |       |       |     7 ||     7
 Armour: Animal skin       |    40 |    20 |       |       |       |       |       ||    60
         Chain mail        |       |    68 |   142 |   185 |       |       |       ||   395
         Plate armour      |       |       |       |   236 |    33 |   592 |   660 ||  1521
         Swamp dragon scal |       |       |       |    75 |   515 |   186 |       ||   776
  Dodge: Dodged            |    66 |    53 |    58 |   188 |   387 |   398 |   347 ||  1497
         Repelled          |       |       |       |       |       |   117 |    70 ||   187

Table legend: (Time is in decaauts)
 A = Elapsed time spent in this place.
 B = Non-inter-level travel time spent in this place.
 C = Inter-level travel time spent in this place.
 D = Time resting spent in this place.
 E = Time spent auto-exploring this place.
 F = Levels seen in this place.
 G = Mean time per level.
                   A        B        C        D        E       F      G
               +--------+--------+--------+--------+--------+-----+--------+
         Total |  40378 |  37997 |   2381 |   4359 |  24882 |  40 | 1009.5 |
       Dungeon |  15637 |  14491 |   1146 |   1071 |  10283 |  15 | 1042.5 |
          Lair |   8455 |   7985 |    470 |   1014 |   5643 |   5 | 1691.0 |
        Shoals |   3182 |   3026 |    156 |    106 |   2069 |   4 |  795.5 |
     Snake Pit |   4078 |   3808 |    270 |    422 |   2487 |   4 | 1019.5 |
  Orcish Mines |   1744 |   1605 |    139 |    210 |   1000 |   2 |  872.0 |
   Elven Halls |   3343 |   3146 |    197 |    411 |   1836 |   3 | 1114.3 |
        Vaults |    706 |    706 |      0 |     74 |    383 |   2 |  353.0 |
         Abyss |    121 |    121 |      0 |      9 |      0 |   1 |  121.0 |
        Bailey |   1234 |   1234 |      0 |    656 |    152 |   1 | 1234.0 |
      Ice Cave |    705 |    705 |      0 |    149 |    410 |   1 |  705.0 |
       Volcano |    505 |    505 |      0 |    116 |    223 |   1 |  505.0 |
      Gauntlet |    663 |    663 |      0 |    118 |    394 |   1 |  663.0 |
               +--------+--------+--------+--------+--------+-----+--------+

Top non-repeatable levels by time:
  Lair:5: 2495 daAuts
  Lair:1: 1879 daAuts
  Lair:2: 1711 daAuts
     D:7: 1406 daAuts
 Snake:4: 1314 daAuts
  Lair:3: 1314 daAuts
    D:15: 1293 daAuts
  Bailey: 1234 daAuts
 Snake:3: 1217 daAuts
     D:9: 1208 daAuts
     D:4: 1204 daAuts
    D:14: 1181 daAuts
   Elf:3: 1180 daAuts
     D:1: 1098 daAuts
     D:8: 1084 daAuts
